 Dungeon Crawl Stone Soup version 0.02-213-g07563d0 (webtiles) character file.

Game seed: 1874564237090489033, levelgen mode: deterministic

3060 Kalegnar the Fighter (level 9, -5/86 HPs) Minotaur Monk. Began on Nov 19, 2020. Was an Elder of Okawaru. Slain by Harold ... wielding a +4 glaive of molten steel (10 damage) ... on level 4 of the Dungeon. The game lasted 00:23:35 (4526 turns).

Kalegnar the Fighter (Minotaur Monk)                Turns: 4526, Time: 00:23:35

Health: -5/86      AC: 12    Str: 22    XL:     9 ^: 1156
Magic:  11/11      EV: 10    Int:  7    God:    Okawaru [4* [112]]
Gold:   210        SH:  0    Dex: 20    Spells: 8/8 levels left

rFire    . . .     Vision   .   a - +0 falchion
rCold    x . .     Gourm    .   (no weapon)
rNeg     . . .     Faith    .   y - +0 plate armour
rPois    .         Spirit   .   (helmet restricted)
rElec    .         Reflect  .   (no cloak)
rCorr    .         Harm     .   (no gloves)
MR       .....                  (no boots)
Stlth    ..........             d - amulet of the acrobat
HPRegen  0.38/turn              l - ring of dexterity
MPRegen  0.21/turn              n - ring of strength (curse) {(Curse: rC-)}

@: marked
A: retaliatory headbutt, horns 2
a: Heroism, Renounce Religion


You were on level 4 of the Dungeon.
You worshipped Okawaru.
Okawaru was greatly pleased with you.
You were not hungry.

You visited 1 branch of the dungeon, and saw 4 of its levels.

You collected 210 gold pieces.

Inventory:

Weapons
 a - a +0 falchion (weapon)
 b - a +0 longbow
Armour
 y - a +0 plate armour (worn)
Jewellery
 d - an amulet of the acrobat (around neck)
 e - a cursed ring of ice {(Curse: Int-3 Slay-5)}
 g - an uncursed amulet of harm
 l - a ring of dexterity (left hand)
 n - a cursed ring of strength (right hand) {(Curse: rC-)}
 u - an uncursed ring of protection
Wands
 B - a wand of disintegration (2)
Scrolls
 f - 2 scrolls of teleportation
 i - a scroll of magic mapping
 m - 4 scrolls of enchantment
 p - a scroll of bless item
 q - 4 scrolls of torment
 C - a scroll of blinking
Potions
 h - a potion of invisibility
 j - 4 potions of curing
 k - a potion of agility
 o - a potion of magic
 r - 3 potions of haste
 s - a potion of mutation
 t - a potion of brilliance
 v - a potion of cancellation
 x - 3 potions of heal wounds
 z - a potion of resistance
 A - a potion of berserk rage
Comestibles
 c - 8 rations
 w - 4 chunks of flesh


   Skills:
 + Level 10.4 Fighting
 - Level 10.3 Long Blades
 * Level 1.9 Bows
 - Level 5.0 Armour
 - Level 3.2 Dodging
 - Level 2.0 Stealth
 + Level 4.4 Invocations


You had 8 spell levels left.
You didn't know any spells.
Your spell library was empty.

Dungeon Overview and Level Annotations

Branches:
Dungeon (4/8)              Temple (0/1) D:4

Altars:
Elyvilon
Okawaru
Qazlal

Shops:
D:2 ?   D:3 :=

Annotations:
D:4 Harold


Innate Abilities, Weirdness & Mutations

You reflexively headbutt those who attack you in melee.
You have a pair of horns on your head.


Message History

Harold is heavily wounded. (32/69) HP The leopard gecko barely misses you (0).
You furiously retaliate!
You headbutt the leopard gecko (9)!
You kill the leopard gecko!
You hit Harold but do no damage. x2
Harold is heavily wounded. (32/69) HP Harold hits you with a +4 glaive of molten steel (7)!
* * * LOW HITPOINT WARNING * * *
Harold burns you (7)!
* * * LOW HITPOINT WARNING * * *
You hit Harold but do no damage. x2; You headbutt Harold (13)!
Harold is severely wounded. (19/69) HP You hit Harold but do no damage. x2; You headbutt Harold, but do no damage.
Harold is severely wounded. (19/69) HP Harold gestures at you while chanting.
A sentinel's mark forms upon you.
You hit Harold (1). x2
Harold is severely wounded. (17/69) HP Harold hits you with a +4 glaive of molten steel (10)!
You die...

>.#.. ..# .#.#. ..#
#.#..####..#
.#.........##### .
..............
#.##...†........
........@.......
#############...@†........
[)........)...............
.################.........
.# #.........
÷################........
.........................
...............>....#####
.....#############..#
.....# #..#


You could see Harold.

Vanquished Creatures
  A slime creature (D:2)
  2 water moccasins (D:2)
  An orc warrior (D:4)
  2 scorpions
  A porcupine (D:3)
  4 ogres (D:3)
  A black bear (D:4)
  A crocodile (D:2)
  Blork the orc (D:3)
  6 big kobolds
  A bullfrog (D:4)
  A howler monkey (D:3)
  3 crimson imps (D:4)
  4 hounds
  2 jellies (D:2)
  An orc priest (D:4)
  2 iguanas
  7 orc wizards
  5 worker ants
  A wyvern skeleton (D:4)
  A wyvern zombie (D:4)
  3 giant cockroaches
  2 bullfrog skeletons
  A porcupine skeleton (D:3)
  2 adders (D:3)
  26 sewer rats
  3 white imps (D:4)
  9 cinder newts
  6 worms
  4 oozes
  2 dart slugs (D:1)
  5 leopard geckos
  10 orcs
  An adder skeleton (D:2)
  4 ball pythons (D:2)
  2 hobgoblins (D:1)
  3 jackals (D:2)
  4 quokkas
  5 bats
  A bat skeleton (D:2)
  4 goblins (D:1)
  A goblin skeleton (D:2)
  A jackal skeleton (D:3)
  24 kobolds
  An orc skeleton (D:2)
  4 rats (D:1)
  3 withered plants (D:2)
179 creatures vanquished.

Vanquished Creatures (others)
  3 giant cockroaches (D:2)
  A sewer rat (D:2)
  An ooze (D:2)
  An adder skeleton (D:2)
  4 ball pythons (D:2)
  A gnoll skeleton (D:2)
  2 kobolds (D:2)
  A hobgoblin skeleton (D:2)
  3 giant blowflies (D:2)
  222 withered plants (D:2)
239 creatures vanquished.

Grand Total: 418 creatures vanquished

Notes
Turn   | Place    | Note
-------+----------+-------------------------------------------
     0 | D:1      | Kalegnar the Minotaur Monk began the quest for the Orb.
     0 | D:1      | Reached XP level 1. HP: 19/19 MP: 0/0
   362 | D:1      | Reached XP level 2. HP: 27/27 MP: 1/1
   730 | D:1      | Reached XP level 3. HP: 29/34 MP: 2/2
   843 | D:2      | Reached skill level 1 in Armour
   993 | D:2      | Reached XP level 4. HP: 41/41 MP: 3/3
  1097 | D:2      | Reached skill level 5 in Fighting
  1097 | D:2      | Reached skill level 5 in Long Blades
  1259 | D:2      | Noticed a crocodile
  1259 | D:2      | Noticed a water moccasin
  1276 | D:2      | Killed a crocodile
  1276 | D:2      | Reached XP level 5. HP: 16/50 MP: 4/4
  1303 | D:2      | Noticed a water moccasin
  1327 | D:1      | Reached XP level 6. HP: 23/57 MP: 5/5
  1453 | D:2      | Killed a water moccasin
  1788 | D:2      | Killed a water moccasin
  1788 | D:2      | Reached XP level 7. HP: 48/66 MP: 6/6
  2296 | D:2      | Found a white marble altar of Elyvilon.
  2364 | D:2      | Found Xivar's Magic Scroll Emporium.
  2389 | D:2      | Reached XP level 8. HP: 71/75 MP: 7/7
  2863 | D:2      | Found a faded altar of an unknown god.
  2937 | D:2      | Became a worshipper of Warmaster Okawaru
  2937 | D:2      | Reached * piety under Okawaru
  2937 | D:2      | Received a gift from Okawaru
  2937 | D:2      | Reached ** piety under Okawaru
  3087 | D:3      | Noticed Blork the orc
  3095 | D:3      | Killed Blork the orc
  3123 | D:3      | Reached skill level 1 in Invocations
  3153 | D:3      | Found Puhu's Book Boutique.
  3157 | D:3      | Reached *** piety under Okawaru
  3214 | D:3      | Found a stormy altar of Qazlal.
  3357 | D:3      | Found Bockidiff's Jewellery Emporium.
  3602 | D:3      | Reached XP level 9. HP: 84/84 MP: 8/10
  3838 | D:3      | Reached skill level 5 in Armour
  3899 | D:3      | Received a gift from Okawaru
  3899 | D:3      | Reached **** piety under Okawaru
  4085 | D:4      | Reached skill level 10 in Long Blades
  4119 | D:4      | Reached skill level 10 in Fighting
  4150 | D:4      | HP: 4/85 [orc warrior/+0 flail (9)]
  4157 | D:4      | HP: 2/85 [something (4)]
  4506 | D:4      | Identified the +7 trident of Neong {elec, +Inv}
  4509 | D:4      | Noticed Harold
  4510 | D:4      | Reached skill level 1 in Bows
  4520 | D:4      | Found a staircase to the Ecumenical Temple.
  4523 | D:4      | HP: 4/86 [Harold/+4 glaive of molten steel (7)]
  4526 | D:4      | Slain by Harold

Levels and vault maps discovered:
D:1:      dpeg_arrival_simpleton_b, layout_loops_corners
D:2:      layout_sewer, elyvilon_niche, serial_shops, nicolae_shop_behind_doors,
          chequers_ecumenical_altar_island, serial_park_tiny_1
D:3:      layout_cave_pools, nicolae_qazlal_general_emergency, first_ration,
          serial_shops, shop, shop, uniq_blork_the_orc
D:4:      layout_long_grid, minmay_temple_entry_grid, uniq_harold

Skill      XL: |  1  2  3  4  5  6  7  8  9 |
---------------+----------------------------+-----
Fighting       | 4 5 6 7 8 9 10 | 10.4
Long Blades    | 4 5 6 7 8 9 10 | 10.3
Armour         | 1 2 3 4 5 |  5.0
Stealth        | 2 |  2.0
Invocations    | 2 4 |  4.4
Bows           | 1 |  1.9
Dodging        | |  3.2

Action                   |  1- 3 |  4- 6 |  7- 9 || total
-------------------------+-------+-------+-------++-------
Melee: Falchion          |    50 |    99 |   333 ||   482
       Unarmed           |    39 |    91 |   280 ||   410
       Headbutt          |    10 |    37 |   121 ||   168
 Fire: Longbow           |       |       |     9 ||     9
Throw: Bone              |       |    10 |     7 ||    17
       Stone             |       |    17 |    19 ||    36
       Rusty metal       |       |     7 |     6 ||    13
       Skull             |       |     5 |     8 ||    13
Invok: Heroism           |       |       |     2 ||     2
  Use: Potion            |       |     1 |     1 ||     2
 Stab: Sleeping          |     1 |       |     4 ||     5
  Eat: Chunk             |       |     3 |    11 ||    14
Armor: Leather armour    |     3 |    11 |    22 ||    36
       Robe              |     1 |       |       ||     1
       Plate armour      |       |       |    33 ||    33
Dodge: Dodged            |    30 |    43 |   184 ||   257
       Rpst.: Falchion   |     5 |     6 |    51 ||    62
